 Dungeon Crawl Stone Soup version 0.26-a0-27-g1f0226971c (webtiles) character file.

Game seed: 10743887998167024720, levelgen mode: deterministic

12718 Dirian the Severer (level 11, -5/95 HPs)
             Began as a Minotaur Fighter on May 27, 2020.
             Was a High Priest of Makhleb.
             Slain by a cyan ugly thing (14 damage)
             ... on level 11 of the Dungeon.
             The game lasted 00:21:12 (10278 turns).

Dirian the Severer (Minotaur Fighter)              Turns: 10278, Time: 00:21:12

Health: -5/95      AC: 15    Str: 23    XL:     11   Next: 66%
Magic:  14/14      EV:  7    Int:  5    God:    Makhleb [*****.]
Gold:   403        SH: 13    Dex: 11    Spells: 10/10 levels left

rFire    . . .     SeeInvis .   a - +1 war axe
rCold    + . .     Gourm    .   c - +1 kite shield
rNeg     . . .     Faith    +   u - +2 chain mail {rC+}
rPois    .         Spirit   .   (helmet restricted)
rElec    .         Reflect  .   w - +1 cloak
rCorr    .         Harm     .   (no gloves)
MR       .....                  (no boots)
Stlth    ..........             E - amulet of faith
HPRegen  0.25/turn              H - ring of ice
MPRegen  0.14/turn              A - ring of fire

@: no status effects
A: retaliatory headbutt, horns 2
a: Minor Destruction, Lesser Servant of Makhleb, Major Destruction, Greater
Servant of Makhleb, Renounce Religion


You were on level 11 of the Dungeon.
You worshipped Makhleb.
Makhleb was extremely pleased with you.
You were not hungry.

You visited 1 branch of the dungeon, and saw 11 of its levels.
You also visited: Ossuary.

You collected 553 gold pieces.
You spent 150 gold pieces at shops.

Inventory:

Hand Weapons
 a - a +1 war axe (weapon)
 p - a +0 war axe
Armour
 c - a +1 kite shield (worn)
 t - a +4 ring mail of fire resistance
 u - a +2 chain mail of cold resistance (worn)
 w - a +1 cloak (worn)
 K - a +0 tower shield of protection
Jewellery
 g - an uncursed amulet of the acrobat
 o - an uncursed ring of flight
 v - an uncursed ring of resist corrosion {unknown}
 A - a ring of fire (right hand)
 E - an amulet of faith (around neck)
 G - an uncursed ring of positive energy {unknown}
 H - a ring of ice (left hand)
Wands
 b - a wand of acid (13)
 x - a wand of polymorph (9)
 J - a wand of disintegration (18)
 L - a wand of flame (22)
Scrolls
 e - 7 scrolls of remove curse
 h - 3 scrolls of blinking
 l - 3 scrolls of enchant armour
 m - a scroll of fear
 n - 4 scrolls of identify
 y - 2 scrolls of enchant weapon
 z - a scroll of immolation
 C - 2 scrolls of teleportation
Potions
 d - a potion of might
 i - 6 potions of heal wounds
 j - 3 potions of flight
 k - 4 potions of curing
 q - a potion of resistance
 r - a potion of haste
 s - 2 potions of magic
 B - 3 potions of invisibility
 D - a potion of berserk rage
 F - a potion of cancellation
Miscellaneous
 I - a tin of tremorstones (3/3)
Comestibles
 f - 20 rations
 M - 16 chunks of flesh


   Skills:
 + Level 8.5 Fighting
 * Level 15.6 Axes
 + Level 8.4 Armour
 + Level 9.2 Shields
 * Level 5.9 Invocations


You had 10 spell levels left.
You didn't know any spells.
Your spell library contained the following spells:

 Spells                   Type           Power        Failure   Level  Hunger
 Apportation              Tloc           #.....       100%        1    ##.....
 Magic Dart               Conj           #...         100%        1    ##.....
 Summon Butterflies       Summ           #.......     100%        1    ##.....
 Blink                    Tloc           N/A          100%        2    ###....
 Call Imp                 Summ           #.......     100%        2    ###....
 Poisonous Vapours        Pois/Air       #.....       100%        2    ###....
 Slow                     Hex            #.......     100%        2    ###....
 Conjure Flame            Conj/Fire      #.......     100%        3    ####...
 Lesser Beckoning         Tloc           #.........   100%        3    ####...
 Mephitic Cloud           Conj/Pois/Air  #.......     100%        3    ####...
 Tukima's Dance           Hex            #.......     100%        3    ####...
 Alistair's Intoxication  Tmut/Pois      #.......     100%        5    ######.
 Freezing Cloud           Conj/Ice/Air   #.........   100%        6    #######
 Invisibility             Hex            #.......     100%        6    #######
 Ring of Flames           Chrm/Fire      #.........   100%        7    #######


Dungeon Overview and Level Annotations

Branches:
Dungeon (11/15)            Temple (0/1) D:5         Ossuary (visited)
   Lair: D:8-11         Orc: D:9-12

Altars:
Ashenzari
Cheibriados
Elyvilon
Fedhas
Gozag
Hepliaklqana
Makhleb
Nemelex Xobeh
Okawaru
Ru
Sif Muna
Trog
Wu Jian
Zin

Shops:
D:4 =   D:5 *

Annotations:
D:11 3 runed translucent doors, Lugonue's ghost, journeyman DsVM; Protee's ghost, journeyman GnFi; Tullig's ghost, journeyman BaFi; vurker's ghost, journeyman OpEE


Innate Abilities, Weirdness & Mutations

You reflexively headbutt those who attack you in melee.
You have a pair of horns on your head.


Message History

The cyan ugly thing is almost dead.
You block the cyan ugly thing's attack.
You closely miss the cyan ugly thing.
The cyan ugly thing is almost dead.
You hit the cyan ugly thing but do no damage.
The cyan ugly thing is almost dead.
The cyan ugly thing tentacle-slaps you!
* * * LOW HITPOINT WARNING * * *
The cyan ugly thing shocks you!
* * * LOW HITPOINT WARNING * * *
You hit the cyan ugly thing.
Your headbutt misses the cyan ugly thing.
The cyan ugly thing is almost dead.
The cyan ugly thing completely misses you.
Your shield and chain mail prevent you from hitting the cyan ugly thing.
The cyan ugly thing is almost dead.
The cyan ugly thing tentacle-slaps you.
* * * LOW HITPOINT WARNING * * *
The cyan ugly thing shocks you!
You die...

################
#..............###
#................#
###................#
...........#.......#
#........#.......#
#........#.......#
..#####........#.......#
......u@....####.#######
.......###### #)#..# # ##
#...... #######.#..#}8$ #..
+...... ........'..#W.. #.#
#...... #######(#..#W.. #)#
##...## #..(....+W.. # #.# #...
#.......+W.. #.#.# ####
#.......+...
#.#.################.......#...


You could see a cyan ugly thing.

Vanquished Creatures
  Harold (D:8)
  Josephine (D:11)
  Erica (D:8)
  A centaur warrior (D:10)
  2 ugly things
  A troll (D:9)
  Prince Ribbit (D:6)
  Grinder (D:4)
  A hippogriff (D:10)
  A spriggan (D:9)
  Sigmund (D:4)
  4 yaks (D:11)
  6 wraiths
  3 wyverns
  Menkaure (D:6)
  5 hungry ghosts
  4 vampire mosquitoes (D:9)
  2 water moccasins
  2 ice beasts
  4 orc warriors
  4 sky beasts
  3 phantoms
  A necrophage (D:8)
  3 ogres
  5 centaurs
  2 big kobolds
  4 bullfrogs
  A gnoll sergeant (D:9)
  A water moccasin zombie (Ossuary)
  2 scorpions
  5 wights (D:8)
  2 howler monkeys
  6 crimson imps
  A bullfrog zombie (D:7)
  2 centaur zombies (Ossuary)
  2 quasits (D:10)
  2 gnoll shamans
  3 jellies
  3 orc priests
  6 hounds
  4 iguanas
  11 orc wizards
  3 worker ants
  4 hound zombies (Ossuary)
  A hound skeleton (D:4)
  8 mummies (Ossuary)
  6 worker ant zombies
  3 howler monkey zombies
  6 adders
  9 gnolls
  A shadow imp (D:8)
  6 adder zombies
  3 adder skeletons
  2 worms
  3 leopard geckos
  46 orcs
  A ball python (D:3)
  6 giant cockroaches
  5 hobgoblins
  12 jackals
  17 kobolds
  5 quokkas
  A ball python skeleton (D:4)
  6 bats
  4 frilled lizards
  A giant cockroach zombie (Ossuary)
  12 goblins
  A jackal skeleton (D:7)
  A leopard gecko skeleton (D:4)
  4 quokka zombies (Ossuary)
  10 rats
303 creatures vanquished.

Vanquished Creatures (others)
  2 withered plants (Ossuary)
2 creatures vanquished.

Grand Total: 305 creatures vanquished

Notes
Turn   | Place    | Note
-------+----------+-------------------------------------------
     0 | D:1      | Dirian the Minotaur Fighter began the quest for the Orb.
     0 | D:1      | Reached XP level 1. HP: 19/19 MP: 0/0
    70 | D:1      | Reached XP level 2. HP: 27/27 MP: 1/1
   201 | D:1      | You fall into a shaft and drop 1 floor!
   206 | D:2      | You fall into a shaft and drop 1 floor!
   248 | D:3      | Reached skill level 3 in Axes
   248 | D:3      | Reached XP level 3. HP: 23/33 MP: 2/2
   893 | D:3      | Reached XP level 4. HP: 36/40 MP: 3/3
   955 | D:2      | Reached skill level 4 in Axes
   968 | D:2      | Found a blossoming altar of Fedhas.
   984 | D:2      | Found a snail-covered altar of Cheibriados.
  1840 | D:2      | Reached XP level 5. HP: 46/46 MP: 4/4
  2230 | D:4      | Noticed Sigmund
  2242 | D:4      | Killed Sigmund
  2242 | D:4      | Reached skill level 5 in Axes
  2242 | D:4      | Reached skill level 5 in Shields
  2242 | D:4      | Reached XP level 6. HP: 40/52 MP: 5/5
  2244 | D:4      | Reached skill level 5 in Armour
  2441 | D:4      | Found Xisava's Jewellery Shop.
  2446 | D:4      | Noticed a hungry ghost
  2455 | D:4      | Killed a hungry ghost
  2455 | D:4      | Reached skill level 6 in Axes
  2624 | D:4      | Found a shattered altar of Ashenzari.
  2641 | D:4      | Reached XP level 7. HP: 56/60 MP: 6/6
  2949 | D:4      | Found a burning altar of Makhleb.
  2952 | D:4      | Reached skill level 7 in Axes
  3027 | D:4      | Found a sparkling altar of Nemelex Xobeh.
  3212 | D:4      | Noticed Grinder
  3223 | D:4      | Killed Grinder
  3371 | D:4      | Became a worshipper of Makhleb the Destroyer
  3401 | D:5      | Entered Level 5 of the Dungeon
  3460 | D:5      | Reached skill level 8 in Axes
  3479 | D:5      | Found Wygrivei's General Store.
  3491 | D:5      | Found a sand-covered staircase.
  3520 | D:5      | Reached skill level 5 in Fighting
  3520 | D:5      | Reached XP level 8. HP: 26/68 MP: 7/7
  3533 | D:5      | Reached skill level 9 in Axes
  3538 | Ossuary  | Entered an ossuary
  3911 | Ossuary  | Reached * piety under Makhleb
  4059 | Ossuary  | Reached skill level 10 in Axes
  4266 | D:5      | Bought a potion of heal wounds for 75 gold pieces
  4266 | D:5      | Bought a scroll of identify for 30 gold pieces
  4266 | D:5      | Bought a potion of curing for 45 gold pieces
  4285 | D:5      | Found a staircase to the Ecumenical Temple.
  4544 | D:5      | Found a hazy altar of Hepliaklqana.
  4604 | D:6      | Noticed Prince Ribbit
  4642 | D:6      | Reached skill level 1 in Invocations
  4645 | D:6      | Reached skill level 11 in Axes
  4649 | D:6      | Killed Prince Ribbit
  4649 | D:6      | Reached XP level 9. HP: 24/75 MP: 7/9
  4942 | D:6      | Found an opulent altar of Gozag.
  5112 | D:6      | Noticed Menkaure
  5121 | D:6      | Killed Menkaure
  5457 | D:6      | Reached ** piety under Makhleb
  6020 | D:7      | Reached skill level 12 in Axes
  6213 | D:7      | Got a transparent mace
  6271 | D:7      | Reached *** piety under Makhleb
  6368 | D:7      | Found a glowing silver altar of Zin.
  6380 | D:7      | Found a shimmering blue altar of Sif Muna.
  6785 | D:7      | Identified the +4 mace of Crystal {freeze, Int+3} (You
                  | found it on level 7 of the Dungeon)
  6829 | D:8      | Reached XP level 10. HP: 84/84 MP: 11/11
  6841 | D:8      | Reached skill level 13 in Axes
  7004 | D:8      | Found a sacrificial altar of Ru.
  7189 | D:8      | Noticed Erica
  7198 | D:8      | Killed Erica
  7198 | D:8      | Reached **** piety under Makhleb
  7316 | D:8      | Noticed Harold
  7350 | D:8      | Killed Harold
  7403 | D:8      | Reached skill level 14 in Axes
  7481 | D:8      | Found a bloodstained altar of Trog.
  7494 | D:8      | Found an ornate altar of the Wu Jian Council.
  7523 | D:8      | Found a white marble altar of Elyvilon.
  8004 | D:9      | Found an iron altar of Okawaru.
  8336 | D:9      | Reached ***** piety under Makhleb
  8721 | D:10     | Entered Level 10 of the Dungeon
  8731 | D:10     | Reached XP level 11. HP: 94/94 MP: 13/13
  8734 | D:10     | Reached skill level 5 in Invocations
  8806 | D:10     | Noticed a centaur warrior
  8806 | D:10     | Noticed a centaur warrior
  8806 | D:10     | Noticed a catoblepas
  8806 | D:10     | Noticed a brown ugly thing
  8808 | D:10     | Noticed a five-headed hydra
  8836 | D:10     | Killed a brown ugly thing
  8846 | D:10     | Killed a centaur warrior
  9410 | D:10     | Found a blossoming altar of Fedhas.
  9533 | D:10     | Reached skill level 15 in Axes
  9732 | D:11     | Noticed Josephine
  9751 | D:11     | Killed Josephine
 10088 | D:11     | Noticed a purple ugly thing
 10097 | D:11     | Killed a purple ugly thing
 10237 | D:11     | Found a runed translucent gate.
 10237 | D:11     | Found a runed translucent gate.
 10237 | D:11     | Found a runed translucent gate.
 10239 | D:11     | Noticed vurker's ghost (journeyman OpEE)
 10239 | D:11     | Noticed Tullig's ghost (journeyman BaFi)
 10240 | D:11     | Noticed Tullig's ghost (journeyman BaFi)
 10240 | D:11     | Noticed Lugonue's ghost (journeyman DsVM)
 10240 | D:11     | Noticed Protee's ghost (journeyman GnFi)
 10261 | D:11     | Noticed a cyan ugly thing
 10278 | D:11     | Slain by a cyan ugly thing

Illustrated notes

Levels and vault maps discovered:
D:1:      scummos_arrival_simple_fountains, layout_basic
D:2:      layout_rooms, lemuel_coloured_pillars_altar, fedhas_ov_isle_minmay,
          first_ration
D:3:      layout_rooms
D:4:      layout_basic, cheibrodos_ashenzari_chains,
          makhleb_blood_cavern_becter, kennysheep_mini, serial_shops, shop,
          uniq_grinder, uniq_sigmund
D:5:      layout_basic, kennysheep_mini_moat, minmay_temple_entry_slanted,
          enter_ossuary_5, serial_shops, nicolae_shop_crystal
D:6:      layout_basic, grunt_gozag_breadcrumbs, uniq_menkaure,
          uniq_prince_ribbit1
D:7:      minmay_clustersquares, layout_basic, overflow_temple_1_default,
          zin_statuary
D:8:      layout_rooms, nicolae_overflow_quartered_altars, uniq_harold,
          uniq_erica
D:9:      layout_basic, lemuel_doored_altar, the_bakery
D:10:     minmay_the_grid_triangle_9x9_recursive_2_mashed
          [minmay_the_grid_triangle_9x9_prize_center,
          minmay_the_grid_triangle_9x9_wacky_v,
          minmay_the_grid_triangle_9x9_semitri,
          minmay_the_grid_triangle_9x9_minimal], layout_irregular_city,
          basic_altar
D:11:     layout_basic, lair_entry_dummy, david_orc_4, gammafunk_ghost_cemetery,
          uniq_josephine

Skill      XL: |  1  2  3  4  5  6  7  8  9 10 11 |
---------------+----------------------------------+-----
Shields        | 4 5 6 7 8 9 |  9.2
Armour         | 4 5 6 7 8 |  8.4
Fighting       | 4 5 6 7 8 |  8.5
Axes           | 3 4 5 6 8 11 12 14 15 | 15.6
Invocations    | 1 3 4 5 |  5.9

Action                   |  1- 3 |  4- 6 |  7- 9 | 10-12 || total
-------------------------+-------+-------+-------+-------++-------
Melee: War axe           |    89 |   135 |   425 |   444 ||  1093
       Headbutt          |    13 |    18 |    66 |    99 ||   196
  Use: Scroll            |       |       |    21 |     1 ||    22
       Potion            |       |       |     1 |     3 ||     4
  Eat: Chunk             |       |     8 |    10 |     9 ||    27
       Ration            |       |       |     2 |     2 ||     4
Armor: Scale mail        |    41 |    54 |    76 |       ||   171
       Ring mail         |       |       |    40 |    14 ||    54
       Chain mail        |       |       |       |   115 ||   115
Dodge: Dodged            |    37 |    51 |    95 |    80 ||   263
Block: Kite shield       |    44 |    80 |   180 |   243 ||   547

Table legend:
 A = Non-vault XP
 B = Vault XP
 C = Vault XP percentage of total XP
 D = Non-vault monster count
 E = Vault monster count
 F = Vault count percentage of total count
                 A         B        C        D         E       F
            +---------+---------+-------+---------+---------+-------
      Total |    9540 |    8629 |  47.5 |     242 |      61 |  20.1
            +---------+---------+-------+---------+---------+-------
        D:1 |      41 |       0 |   0.0 |      26 |       0 |   0.0
        D:2 |      54 |       0 |   0.0 |      24 |       0 |   0.0
        D:3 |     106 |       0 |   0.0 |      19 |       0 |   0.0
        D:4 |     371 |     541 |  59.3 |      16 |       3 |  15.8
        D:5 |     737 |       0 |   0.0 |      18 |       0 |   0.0
        D:6 |     757 |     474 |  38.5 |      21 |       2 |   8.7
        D:7 |    1356 |     507 |  27.2 |      38 |       6 |  13.6
        D:8 |    1573 |    1946 |  55.3 |      31 |       2 |   6.1
        D:9 |    1647 |     224 |  12.0 |      27 |       1 |   3.6
       D:10 |     660 |    2312 |  77.8 |       5 |      10 |  66.7
       D:11 |    2238 |    2042 |  47.7 |      17 |       6 |  26.1
    Ossuary |       0 |     583 | 100.0 |       0 |      31 | 100.0
            +---------+---------+-------+---------+---------+-------
